 Dungeon Crawl Stone Soup version 0.26.1-2-gb8aa6d0cf2 (webtiles) character file.

Game seed: 11942233036457711914

38 Groucho the Sneak (level 3, 0/24 HPs)
             Began as a Spriggan Enchanter on Feb 24, 2021.
             Slain by an adder (2 damage)
             ... on level 1 of the Dungeon.
             The game lasted 00:04:01 (2948 turns).

Groucho the Sneak (Spriggan Enchanter)              Turns: 2948, Time: 00:04:02

Health: 0/24       AC: 21    Str:  5    XL:     3   Next: 25%
Magic:  8/8        EV:  4    Int: 16    God:
Gold:   57         SH:  0    Dex: 16    Spells: 4/7 levels left

rFire    . . .     SeeInvis +   a - +1 dagger
rCold    . . .     Faith    .   (shield restricted)
rNeg     + + +     Spirit   .   (armour currently unavailable)
rPois    +         Reflect  .   (helmet currently unavailable)
rElec    .         Harm     .   (cloak currently unavailable)
rCorr    .         Rampage  .   (gloves unavailable)
Will     .....     NoTele   +   (boots unavailable)
Stlth    +++.......             (no amulet)
HPRegen  0.08/turn              (no ring)
MPRegen  0.11/turn              (no ring)

@: lethally poisoned (0 -> -4), tree-form, attractive
A: very small, unfitting armour, see invisible
a: no special abilities


You were on level 1 of the Dungeon.
You were a tree.
You visited 1 branch of the dungeon, and saw 2 of its levels.

You collected 57 gold pieces.

Inventory:

Hand Weapons
 a - a +1 dagger (weapon)
Missiles
 l - 16 poisoned darts
Armour
 b - a +0 robe (melded)
Jewellery
 c - an uncursed ring of poison resistance {unknown}
 f - an uncursed amulet of regeneration {unknown}
 g - an uncursed ring of positive energy {unknown}
 m - an uncursed ring of magical power {unknown}
Scrolls
 e - 2 scrolls of teleportation {unknown}
 i - a scroll of immolation {unknown}
 j - a scroll of magic mapping {unknown}
 k - a scroll of remove curse {unknown}
 n - a scroll of fog {unknown}
 o - a scroll of fear {unknown}
Potions
 d - 3 potions of attraction


   Skills:
 - Level 1.1 Short Blades
 - Level 3.0 Dodging
 + Level 6.7 Stealth
 - Level 2.6 Spellcasting
 - Level 3.6 Hexes


You had 4 spell levels left.
You knew the following spells:

 Your Spells              Type           Power        Failure   Level
a - Corona                Hex            14%          4%          1
b - Ensorcelled Hibernat  Hex/Ice        14%          14%         2

Your spell library contained the following spells:

 Spells                   Type           Power        Failure   Level
 Confusing Touch          Hex            13%          13%         3
 Tukima's Dance           Hex            13%          13%         3
 Dazzling Flash           Conj/Hex       14%          28%         3


Dungeon Overview and Level Annotations

Branches:
Dungeon (2/15)

Altars:


Innate Abilities, Weirdness & Mutations

You are very small and have problems with some larger weapons.
You are too small for most types of armour.
You have supernaturally acute eyesight. (SInv)
((You cover ground extremely quickly.))


Message History

The adder is heavily wounded.
* * * LOW HITPOINT WARNING * * *
You feel sick. The adder bites you but does no damage.
Unknown command.
Unknown command.
You hit the adder.
The adder is severely wounded.
The adder bites you but does no damage.
You miss the adder.
The adder is severely wounded.
* * * LOW HITPOINT WARNING * * *
You feel sick. The adder bites you but does no damage.
You hit the adder.
The adder is almost dead.
The adder bites you but does no damage.
You hit the adder but do no damage.
The adder is almost dead.
* * * LOW HITPOINT WARNING * * *
You feel sick. The adder bites you.
You die...

#########
#######.......#
#.....#.#####.##
####.###.#.##.....#
#....# #...)..##..#
#.##.###.#.#####..#
#.##.....#.#####..####
##...######....♣S..>..#
##.....##########.#.##.#
#.............# #.#.##.#
#.............# #.#.>..#
..........#...# #.###..#
.........###..# #.###..#
..........#...# #......#
..†...........# #####.##
..............# ##.##


You could see an adder.

Vanquished Creatures
  2 dart slugs
  A leopard gecko (D:1)
  2 giant cockroaches
  5 goblins (D:1)
  5 hobgoblins (D:1)
  6 kobolds
  A ball python (D:1)
  6 bats (D:1)
  A frilled lizard (D:1)
  2 rats (D:1)
31 creatures vanquished.

Notes
Turn   | Place    | Note
-------+----------+-------------------------------------------
     0 | D:1      | Groucho the Spriggan Enchanter began the quest for the Orb.
     0 | D:1      | Reached XP level 1. HP: 9/9 MP: 5/5
   615 | D:1      | Reached skill level 5 in Stealth
   883 | D:1      | Reached XP level 2. HP: 8/13 MP: 6/6
  1484 | D:1      | Reached skill level 6 in Stealth
  1786 | D:1      | Learned a level 2 spell: Ensorcelled Hibernation
  2341 | D:1      | Reached XP level 3. HP: 16/16 MP: 8/8
  2948 | D:1      | Slain by an adder

Illustrated notes

Levels and vault maps discovered:
D:1:      minmay_arrival_doors, layout_loops_cross, minmay_tetromino_i2
D:2:      layout_loops_ring, hangedman_decor_lopped, minmay_ruptured

Skill      XL: |  1  2 |
---------------+-------+-----
Stealth        | 5 6 |  6.7
Short Blades   | |  1.1
Dodging        | |  3.0
Spellcasting   | |  2.6
Hexes          | |  3.6

Action                   || total
-------------------------++-------
Melee: Dagger            ||   142
 Cast: Ensorcelled Hiber ||     2
  Use: Potion            ||     2
 Stab: Sleeping          ||    10
Armor: Robe              ||    15
       Skin              ||     9
Dodge: Dodged            ||   104
